 Dungeon Crawl Stone Soup version 0.29-a0-359-g541a27f54d (webtiles) character file.

Game seed: 1843293199533698977

50 Agony the Caller (level 3, 0/27 HPs)
             Began as a Demigod Summoner on Apr 28, 2022.
             Killed from afar by Terence (11 damage)
             ... with a puff of flame
             ... on level 3 of the Dungeon.
             The game lasted 00:08:42 (2507 turns).

Agony the Caller (Demigod Summoner)                 Turns: 2507, Time: 00:08:42

Health: 0/27       AC:  3    Str:  9    XL:     3   Next: 35%
Magic:  6/8        EV: 12    Int: 21    God:
Gold:   108        SH:  0    Dex: 14    Spells: 3/6 levels left

rFire   . . .      SeeInvis .   e - +0 mace (protect)
rCold   . . .      Faith    .   (no shield)
rNeg    . . .      Spirit   .   a - +0 robe
rPois   .          Reflect  .   (no helmet)
rElec   .          Harm     .   h - scarf {shadows}
rCorr   .          Rampage  .   (no gloves)
Will    .....                   n - +0 pair of boots
Stlth   ++........              (no amulet)
HPRegen 0.09/turn               (no ring)
MPRegen 0.11/turn               (no ring)

@: no status effects
A: high MP 1, forlorn, divine attributes
a: no special abilities


You were on level 3 of the Dungeon.
You visited 1 branch of the dungeon, and saw 3 of its levels.

You collected 108 gold pieces.

Inventory:

Hand Weapons
 e - a +0 mace of protection (weapon)
Armour
 a - a +0 robe (worn)
 h - a scarf of shadows (worn)
 n - a +0 pair of boots (worn)
Magical Staves
 g - a staff of death
Scrolls
 f - a scroll of enchant armour {unknown}
 i - a scroll of enchant weapon {unknown}
 j - 2 scrolls of noise {unknown}
 l - a scroll of teleportation {unknown}
 p - 2 scrolls of magic mapping {unknown}
Potions
 b - a potion of magic
 c - a potion of curing {unknown}
 k - a potion of mutation {unknown}
 m - 2 potions of brilliance
 o - a potion of resistance {unknown}


   Skills:
 + Level 0.8 Fighting
 + Level 2.2 Dodging
 + Level 2.2 Stealth
 + Level 2.2 Spellcasting
 * Level 3.9 Summonings


You had 3 spell levels left.
You knew the following spells:

 Your Spells              Type           Power      Damage    Failure   Level
a - Summon Small Mammal   Summ           76%        N/A       2%          1
b - Call Imp              Summ           19%        N/A       4%          2

Your spell library contained the following spells:

 Spells                   Type           Power      Damage    Failure   Level
 Call Canine Familiar     Summ           19%        N/A       9%          3
 Summon Guardian Golem    Hex/Summ       10%        N/A       19%         3
 Summon Lightning Spire   Summ/Air       10%        N/A       54%         4


Dungeon Overview and Level Annotations

Branches:
Dungeon (3/15)

Annotations:
D:3 Grinder, Terence


Innate Abilities, Weirdness & Mutations

You have an increased reservoir of magic. (+10% MP)
You shall have no god before yourself.
Your divine heritage dramatically boosts your attributes as you level up.


Message History

The kobold shouts!
The kobold hits you but does no damage.
You hear a shout!
You hit the kobold.
Your weapon exudes an aura of protection.
You kill the kobold!
Things that are here:
a +0 short sword; 4 stones; a kobold corpse The gnoll hits your crimson imp with a +0 whip!
Your crimson imp hits the gnoll.
Your crimson imp hits the gnoll but does no damage.
Something barely misses your crimson imp.
Found a dagger.
A bat comes into view.
Your crimson imp blinks!
You closely miss the bat. The bat closely misses you.
The bat hits you but does no damage. x2
You miss the bat. The bat barely misses you. The bat closely misses you.
The bat barely misses you. The bat hits you but does no damage.
You hit the bat but do no damage.
Your weapon exudes an aura of protection.
The bat closely misses you. The bat barely misses you.
The bat hits you but does no damage.
You barely miss the bat. The bat hits you but does no damage.
The bat misses you. The bat closely misses you. The bat barely misses you.
You sock the bat!
You kill the bat!
Terence the Incautious comes into view.
He is wielding a +0 vorpal falchion and carrying a wand of flame (8).
Terence shouts!
Terence zaps a wand.
The puff of flame hits you!
Terence zaps a wand.
The puff of flame hits you!
Casting: Call Imp (safe; 4% risk of failure)
Press: ? - help, Q - select action, (/) - cycle Dir - look around, f - activate A beastly little devil appears in a puff of flame.
Your crimson imp barely misses Terence.
Terence barely misses your crimson imp.
Your crimson imp blinks!
Terence zaps a wand.
The puff of flame hits you!
You die...

###########
#.5@....@.#
#.#######.#
#.# #.# #.#
#.# .@. #.#
#.. #.# #.#
#.###.#
#..)..#
#.###.#


You could see Terence (ally target) and a friendly crimson imp (summoned).

Vanquished Creatures
  2 orcs
  A ball python (D:2)
  3 endoplasms
  2 goblins
  A quokka (D:1)
  9 bats
  7 kobolds
  A rat (D:1)
26 creatures vanquished.

Vanquished Creatures (collateral kills)
  An orc (D:3)
  A bat (D:1)
  3 goblins (D:1)
  A hobgoblin (D:2)
  2 kobolds
  A quokka (D:1)
  3 ball pythons (D:1)
  A frilled lizard (D:2)
  4 rats
17 creatures vanquished.

Grand Total: 43 creatures vanquished

Notes
Turn   | Place    | Note
-------+----------+-------------------------------------------
     0 | D:1      | Agony the Demigod Summoner began the quest for the Orb.
     0 | D:1      | Reached XP level 1. HP: 14/14 MP: 5/5
   318 | D:1      | Reached XP level 2. HP: 18/20 MP: 7/7
  1326 | D:2      | Reached XP level 3. HP: 25/27 MP: 6/8
  1807 | D:3      | Learned a level 2 spell: Call Imp
  2041 | D:3      | Noticed Grinder
  2497 | D:3      | Noticed Terence
  2507 | D:3      | Killed from afar by Terence

Illustrated notes

Levels and vault maps discovered:
D:1:      dpeg_arrival_tiny_b, layout_basic, nrook_mini_backslash,
          chequers_serial_rivers_marsh
D:2:      layout_rooms, kennysheep_decorative_pillar
D:3:      layout_loops_ring, nicolae_ru_awakened_eye, kennysheep_path_1,
          uniq_terence, uniq_grinder

Skill      XL: |  1 |
---------------+----+-----
Stealth        | 2 |  2.2
Dodging        | 2 |  2.2
Spellcasting   | 2 |  2.2
Fighting       | |  0.8
Summonings     | |  3.9

Action                   || total
-------------------------++-------
Melee: Mace              ||    86
 Cast: Summon Small Mamm ||    18
       Call Imp          ||     6
  Use: Scroll            ||     2
 Stab: Distracted        ||     1
Armor: Robe              ||    42
Dodge: Dodged            ||    90

Table legend: (Time is in decaauts)
 A = Elapsed time spent in this place.
 B = Non-inter-level travel time spent in this place.
 C = Inter-level travel time spent in this place.
 D = Time resting spent in this place.
 E = Time spent auto-exploring this place.
 F = Levels seen in this place.
 G = Mean time per level.
                   A        B        C        D        E       F      G
               +--------+--------+--------+--------+--------+-----+--------+
         Total |   2543 |   2521 |     22 |    662 |   1252 |   3 |  847.7 |
       Dungeon |   2543 |   2521 |     22 |    662 |   1252 |   3 |  847.7 |
               +--------+--------+--------+--------+--------+-----+--------+

Top non-repeatable levels by time:
     D:2: 1242 daAuts
     D:1: 1138 daAuts
     D:3: 161 daAuts
